3A
MANCELONA TORCH @ GRAND FORKS CATERPILLARS
08/31/2028
 
TOP OF THE 1ST
Mancelona Torch batting - Pitching for Grand Forks Caterpillars : RHP Rizaldo Manansala
Pitching: RHP Rizaldo Manansala
Batting: RHB Tony Lugo 0-0: Ball
1-0: Called Strike
1-1: SINGLE (Groundball, 56D)
Batting: RHB Kyle Vandenbrink 0-0: Called Strike
0-1: Ball
1-1: Called Strike
1-2: Strikes out swinging
Batting: LHB Jim Halpert 0-0: Ball
1-0: Called Strike
1-1: Called Strike
1-2: Foul Ball, location: 2F
1-2: Ball
2-2: Foul Ball, location: 2F
2-2: Ball
3-2: Foul Ball, location: 2F
3-2: Foul Ball, location: 2F
3-2: Base on Balls
Tony Lugo to second
Batting: LHB Yu-zeng Si 0-0: Ball
Tony Lugo steals 3rd base
Jim Halpert to second
1-0: Called Strike
1-1: SINGLE (Groundball, 34D)
Tony Lugo scores
Jim Halpert to third
Runner from 3rd tries for Home, SAFE, no throw
Batting: RHB Ratko Ralevic 0-0: Called Strike
0-1: Ball
1-1: Foul Ball, location: 2F
1-2: Ball
2-2: Grounds into double play, 6-4-3 (Groundball, 56)
Top of the 1st over - 2 run(s), 2 hit(s), 0 error(s), 0 left on base; Mancelona 2 - Grand Forks 0
BOTTOM OF THE 1ST
Grand Forks Caterpillars batting - Pitching for Mancelona Torch : RHP Tim Novak
Pitching: RHP Tim Novak
Batting: LHB Arana Sashi 0-0: Fly out, F9 (Line Drive, 9)
Batting: RHB Craig Tricket 0-0: Called Strike
0-1: Ball
1-1: Ball
2-1: Ball
3-1: Base on Balls
Batting: SHB Juan Carlos Santos 0-0: Foul Ball, location: 2F
0-1: DOUBLE (Line Drive, 8LM)
Craig Tricket to third
Runner from 3rd tries for Home, SAFE, throw made home
Batting: RHB Nelson Jaramillo 0-0: Ball
1-0: Ball
2-0: Foul Ball, location: 2F
2-1: Called Strike
2-2: Ball
3-2: Foul Ball, location: 2F
3-2: Base on Balls
Batting: RHB Juan Rico 0-0: Fly out, F6 (Line Drive, 6M)
Batting: RHB Joaquín Lara 0-0: Foul Ball, location: 2F
0-1: SINGLE (Groundball, 56D)
Juan Carlos Santos to third
Nelson Jaramillo to second
Runner from 3rd tries for Home, SAFE, no throw
Batting: RHB Dolla Head 0-0: Fielders Choice at 2nd, 4-6 (Groundball, 4)
Bottom of the 1st over - 2 run(s), 2 hit(s), 0 error(s), 1 left on base; Mancelona 2 - Grand Forks 2
TOP OF THE 2ND
Mancelona Torch batting - Pitching for Grand Forks Caterpillars : RHP Rizaldo Manansala
Batting: RHB Bob Phillips 0-0: Foul Ball, location: 2F
0-1: Fly out, F7 (Flyball, 7)
Batting: RHB Adrijan Markovski 0-0: Ball
1-0: Called Strike
1-1: Called Strike
1-2: Fly out, F6 (Popup, 6D)
Batting: RHB Emílio Agramónte 0-0: Ball
1-0: Ball
2-0: Swinging Strike
2-1: Called Strike
2-2: Reached on error, E5 (Groundball, 56)
Batting: LHB Tadaaki Yokoyama 0-0: Ball
1-0: Fly out, F9 (Flyball, 9S)
Top of the 2nd over - 0 run(s), 0 hit(s), 1 error(s), 1 left on base; Mancelona 2 - Grand Forks 2
BOTTOM OF THE 2ND
Grand Forks Caterpillars batting - Pitching for Mancelona Torch : RHP Tim Novak
Batting: RHB Moriz Ayushiev 0-0: SINGLE (Groundball, 15S) (infield hit)
Batting: RHB Hirotada Rin 0-0: Called Strike
0-1: Ball
1-1: Ball
2-1: Swinging Strike
2-2: Strikes out looking
Batting: LHB Arana Sashi 0-0: Called Strike
0-1: Ball
Throwing error on steal attempt, E2
Moriz Ayushiev to third
1-1: Swinging Strike
1-2: Ball
2-2: Ball
3-2: Ground out 6-3 (Groundball, 6)
Moriz Ayushiev scores
Batting: RHB Craig Tricket 0-0: Swinging Strike
0-1: Swinging Strike
0-2: Ball
1-2: Strikes out looking
Bottom of the 2nd over - 1 run(s), 1 hit(s), 1 error(s), 0 left on base; Mancelona 2 - Grand Forks 3
TOP OF THE 3RD
Mancelona Torch batting - Pitching for Grand Forks Caterpillars : RHP Rizaldo Manansala
Batting: RHB Tony Lugo 0-0: Ball
1-0: Called Strike
1-1: Called Strike
1-2: Foul Ball, location: 2F
1-2: Ball
2-2: Strikes out swinging
Batting: RHB Kyle Vandenbrink 0-0: Called Strike
0-1: Ball
1-1: Foul Ball, location: 2F
1-2: Ball
2-2: Ball
3-2: SINGLE (Groundball, 56D)
Batting: LHB Jim Halpert 0-0: Ball
1-0: Ball
2-0: Called Strike
2-1: Ball
Kyle Vandenbrink is caught stealing 2nd base
3-1: Foul Ball, location: 2F
3-2: Ground out 3-1 (Groundball, 34)
Top of the 3rd over - 0 run(s), 1 hit(s), 0 error(s), 0 left on base; Mancelona 2 - Grand Forks 3
BOTTOM OF THE 3RD
Grand Forks Caterpillars batting - Pitching for Mancelona Torch : RHP Tim Novak
Batting: SHB Juan Carlos Santos 0-0: Swinging Strike
0-1: Ball
1-1: Ball
2-1: Foul Ball, location: 2F
2-2: Foul Ball, location: 2F
2-2: Ball
3-2: Base on Balls
Batting: RHB Nelson Jaramillo 0-0: Called Strike
0-1: Called Strike
0-2: Ball
1-2: Ball
2-2: Foul Ball, location: 2F
2-2: Foul Ball, location: 2F
2-2: Ball
3-2: Foul Ball, location: 2F
3-2: SINGLE (Groundball, 6MD)
Juan Carlos Santos to second
Batting: RHB Juan Rico 0-0: Called Strike
0-1: Grounds into double play, 6-4-3 (Groundball, 6)
Juan Carlos Santos to third
Batting: RHB Joaquín Lara 0-0: Called Strike
0-1: Ball
1-1: Called Strike
1-2: Ball
2-2: Foul Ball, location: 2F
2-2: Ball
3-2: Strikes out swinging
Bottom of the 3rd over - 0 run(s), 1 hit(s), 0 error(s), 1 left on base; Mancelona 2 - Grand Forks 3
TOP OF THE 4TH
Mancelona Torch batting - Pitching for Grand Forks Caterpillars : RHP Rizaldo Manansala
Batting: LHB Yu-zeng Si 0-0: Ball
1-0: Ground out 4-3 (Groundball, 4)
Batting: RHB Ratko Ralevic 0-0: Ball
1-0: Called Strike
1-1: Foul Ball, location: 2F
1-2: Foul Ball, location: 2F
1-2: Ball
2-2: Ground out 6-3 (Groundball, 6)
Batting: RHB Bob Phillips 0-0: Ball
1-0: Foul Ball, location: 2F
1-1: Foul Ball, location: 2F
1-2: Fly out, F5 (Popup, 5L)
Top of the 4th over - 0 run(s), 0 hit(s), 0 error(s), 0 left on base; Mancelona 2 - Grand Forks 3
BOTTOM OF THE 4TH
Grand Forks Caterpillars batting - Pitching for Mancelona Torch : RHP Tim Novak
Batting: RHB Dolla Head 0-0: Fly out, F4 (Line Drive, 4)
Batting: RHB Moriz Ayushiev 0-0: Ball
1-0: Ball
2-0: Foul Ball, location: 2F
2-1: Ground out 6-3 (Groundball, 6)
Batting: RHB Hirotada Rin 0-0: Swinging Strike
0-1: Called Strike
Error on foul ball, E3
0-2: Ball
1-2: Ground out 5-3 (Groundball, 5L)
Bottom of the 4th over - 0 run(s), 0 hit(s), 1 error(s), 0 left on base; Mancelona 2 - Grand Forks 3
TOP OF THE 5TH
Mancelona Torch batting - Pitching for Grand Forks Caterpillars : RHP Rizaldo Manansala
Batting: RHB Adrijan Markovski 0-0: Swinging Strike
0-1: Reached on error, E6 (Groundball, 6)
Batting: RHB Emílio Agramónte 0-0: Called Strike
0-1: Bunt missed!
0-2: Strikes out swinging
Batting: LHB Tadaaki Yokoyama 0-0: Ball
1-0: Swinging Strike
1-1: Called Strike
1-2: Foul Ball, location: 2F
1-2: Foul Ball, location: 2F
1-2: Strikes out looking
Batting: RHB Tony Lugo 0-0: Called Strike
0-1: Swinging Strike
0-2: Ball
1-2: Strikes out swinging
Top of the 5th over - 0 run(s), 0 hit(s), 1 error(s), 1 left on base; Mancelona 2 - Grand Forks 3
BOTTOM OF THE 5TH
Grand Forks Caterpillars batting - Pitching for Mancelona Torch : RHP Tim Novak
Batting: LHB Arana Sashi 0-0: Ground out U3 (Groundball, 3S)
Batting: RHB Craig Tricket 0-0: Called Strike
0-1: SINGLE (Groundball, 34D)
Batting: SHB Juan Carlos Santos 0-0: SINGLE (Line Drive, 7S)
Craig Tricket to second
Batting: RHB Nelson Jaramillo 0-0: Called Strike
0-1: Fly out, F7 (Flyball, 7S)
Batting: RHB Juan Rico 0-0: SINGLE (Groundball, 2R) (infield hit)
Craig Tricket to third
Juan Carlos Santos to second
Batting: RHB Joaquín Lara 0-0: Fly out, F8 (Line Drive, 8LM)
Bottom of the 5th over - 0 run(s), 3 hit(s), 0 error(s), 3 left on base; Mancelona 2 - Grand Forks 3
TOP OF THE 6TH
Mancelona Torch batting - Pitching for Grand Forks Caterpillars : RHP Rizaldo Manansala
Batting: RHB Kyle Vandenbrink 0-0: Swinging Strike
0-1: Ball
1-1: Ball
2-1: Foul Ball, location: 2F
2-2: Foul Ball, location: 2F
2-2: Strikes out looking
Pitching: RHP Mat Tengku
Batting: LHB Jim Halpert 0-0: Ground out 1-3 (Groundball, P)
Batting: LHB Yu-zeng Si 0-0: Ball
1-0: Called Strike
1-1: Called Strike
1-2: Foul Ball, location: 2F
1-2: Strikes out swinging
Top of the 6th over - 0 run(s), 0 hit(s), 0 error(s), 0 left on base; Mancelona 2 - Grand Forks 3
BOTTOM OF THE 6TH
Grand Forks Caterpillars batting - Pitching for Mancelona Torch : RHP Tim Novak
Batting: RHB Dolla Head 0-0: Ball
1-0: Foul Ball, location: 2F
1-1: SINGLE (Groundball, 34D)
Batting: RHB Moriz Ayushiev 0-0: Grounds into double play, 4-6-3 (Groundball, 34)
Batting: RHB Hirotada Rin 0-0: SINGLE (Groundball, 56D)
Batting: LHB Arana Sashi 0-0: Called Strike
0-1: DOUBLE (Flyball, 7D)
Hirotada Rin to third
Runner from 3rd tries for Home, SAFE, no throw
Batting: RHB Craig Tricket 0-0: Swinging Strike
0-1: DOUBLE (Groundball, 5L)
Arana Sashi scores
Batting: SHB Juan Carlos Santos 0-0: Intentional Walk
Pitching: RHP John Castle
Batting: RHB Nelson Jaramillo 0-0: Called Strike
0-1: Ball
1-1: Foul Ball, location: 2F
1-2: SINGLE (Line Drive, 78S)
Craig Tricket to third
Juan Carlos Santos to second
Runner from 3rd tries for Home, SAFE, no throw
Batting: RHB Juan Rico 0-0: Ball
1-0: Called Strike
1-1: Called Strike
1-2: Foul Ball, location: 2F
1-2: Foul Ball, location: 2F
1-2: Ball
2-2: Strikes out swinging
Bottom of the 6th over - 3 run(s), 5 hit(s), 0 error(s), 2 left on base; Mancelona 2 - Grand Forks 6
TOP OF THE 7TH
Mancelona Torch batting - Pitching for Grand Forks Caterpillars : RHP Mat Tengku
Batting: RHB Ratko Ralevic 0-0: Called Strike
0-1: Ball
1-1: Called Strike
1-2: Strikes out looking
Batting: RHB Bob Phillips 0-0: Ball
1-0: Ball
2-0: Swinging Strike
2-1: Foul Ball, location: 2F
2-2: Foul Ball, location: 2F
2-2: Ball
3-2: Foul Ball, location: 2F
3-2: Foul Ball, location: 2F
3-2: Base on Balls
Batting: RHB Adrijan Markovski Pickoff Throw to First - Error! E1
Bob Phillips to second
0-0: Ball
1-0: Foul Ball, location: 2F
1-1: Ball
2-1: Fly out, F8 (Flyball, 8RS)
Batting: RHB Emílio Agramónte 0-0: Called Strike
0-1: Ball
Wild Pitch!
Bob Phillips to third
1-1: Fly out, F5 (Popup, 5L)
Top of the 7th over - 0 run(s), 0 hit(s), 1 error(s), 1 left on base; Mancelona 2 - Grand Forks 6
BOTTOM OF THE 7TH
Grand Forks Caterpillars batting - Pitching for Mancelona Torch : RHP John Castle
Batting: RHB Joaquín Lara 0-0: SINGLE (Flyball, 9LM)
Batting: RHB Dolla Head 0-0: Called Strike
Joaquín Lara steals 2nd base
0-1: Called Strike
0-2: Ball
1-2: Foul Ball, location: 2F
1-2: Foul Ball, location: 2F
1-2: Ground out 6-3 (Groundball, 6)
Joaquín Lara to third
Batting: RHB Moriz Ayushiev 0-0: Intentional Walk
Batting: RHB Hirotada Rin 0-0: Ball
Wild Pitch!
Joaquín Lara scores
Moriz Ayushiev to second
1-0: Fly out, F9 (Flyball, 9LM)
Batting: LHB Arana Sashi 0-0: Intentional Walk
Batting: RHB Craig Tricket 0-0: Ball
1-0: Foul Ball, location: 2F
1-1: SINGLE (Groundball, 4D)
Moriz Ayushiev to third
Arana Sashi to second
Runner from 3rd tries for Home, SAFE, throw made at trailing runner, OUT at third!
Bottom of the 7th over - 2 run(s), 2 hit(s), 0 error(s), 1 left on base; Mancelona 2 - Grand Forks 8
TOP OF THE 8TH
Mancelona Torch batting - Pitching for Grand Forks Caterpillars : RHP Mat Tengku
Now in RF: Félix Martínez
Batting: LHB Tadaaki Yokoyama 0-0: Called Strike
0-1: Ground out 6-3 (Groundball, 6D)
Batting: RHB Tony Lugo 0-0: Fly out, F7 (Flyball, 78M)
Batting: RHB Kyle Vandenbrink 0-0: SINGLE (Line Drive, 4MD)
Batting: LHB Jim Halpert 0-0: 2-RUN HOME RUN (Flyball, 89XD), Distance : 440 ft
Batting: LHB Yu-zeng Si 0-0: Swinging Strike
0-1: Ground out 4-3 (Groundball, 4)
Top of the 8th over - 2 run(s), 2 hit(s), 0 error(s), 0 left on base; Mancelona 4 - Grand Forks 8
BOTTOM OF THE 8TH
Grand Forks Caterpillars batting - Pitching for Mancelona Torch : RHP John Castle
Pitching: LHP Raúl Medina
Batting: SHB Juan Carlos Santos 0-0: Foul Ball, location: 2F
0-1: Ground out 4-3 (Groundball, 4)
Batting: RHB Nelson Jaramillo 0-0: Ball
1-0: Foul Ball, location: 2F
1-1: SINGLE (Line Drive, 4MD)
Batting: RHB Juan Rico 0-0: Ball
1-0: Called Strike
1-1: Foul Ball, location: 2F
1-2: SINGLE (Groundball, P) (infield hit)
Nelson Jaramillo to second
Batting: RHB Joaquín Lara 0-0: Grounds into double play, 5-4-3 (Groundball, 56)
Bottom of the 8th over - 0 run(s), 2 hit(s), 0 error(s), 1 left on base; Mancelona 4 - Grand Forks 8
TOP OF THE 9TH
Mancelona Torch batting - Pitching for Grand Forks Caterpillars : RHP Mat Tengku
Batting: RHB Ratko Ralevic 0-0: Ball
1-0: Foul Ball, location: 2F
1-1: Ball
2-1: DOUBLE (Groundball, 5L)
Batting: RHB Bob Phillips 0-0: Fly out, F6 (Popup, 6)
Batting: RHB Adrijan Markovski 0-0: Ball
1-0: Ball
2-0: Ball
3-0: Base on Balls
Pitching: RHP Salvador López
Batting: RHB Emílio Agramónte 0-0: Swinging Strike
0-1: Called Strike
0-2: Strikes out swinging
Batting: LHB Tadaaki Yokoyama 0-0: Foul Ball, location: 2F
0-1: Swinging Strike
0-2: Foul Ball, location: 2F
0-2: Ball
1-2: Strikes out swinging
Top of the 9th over - 0 run(s), 1 hit(s), 0 error(s), 2 left on base; Mancelona 4 - Grand Forks 8
Wednesday, August 30th, 2017 - OOTP Baseball 17.12 Build 75